[Event "44th Chess Olympiad Women 2022"]
[Site "Chennai"]
[Date "2022.07.30"]
[Round "2.38"]
[White "Asgharzadeh, Mitra"]
[Black "Malan, Lucia"]
[Result "1-0"]
[ECO "A08"]
[WhiteElo "1988"]
[BlackElo "1741"]
[Annotator "TA"]
[PlyCount "89"]
[EventDate "2022.07.29"]
[EventType "team-tourn"]
[EventCountry "IND"]
[SourceTitle "playchess.com"]
[Source "ChessBase"]
[SourceQuality "1"]
[WhiteTeam "Iran"]
[BlackTeam "Uruguay"]
[WhiteTeamCountry "IRI"]
[BlackTeamCountry "URU"]
[TimeControl "40/5400+30:1800+30"]

1. Nf3 d5 2. g3 Nf6 3. Bg2 e6 4. O-O c5 5. d3 Nc6 6. Nbd2 Bd6 7. e4 O-O 8. Re1 Qc7 9. Qe2 Nb4 {[%emt 0:10:00] [#] A08: King's Indian Attack.} (9... Be7 $11) 10. Nf1 $146 ({Resist} 10. e5 Nxc2 11. exd6 Qd8 $14) (10. c3 $1 $16 Nc2 11. e5) ({Predecessor:} 10. e5 Nxc2 11. exd6 Qd8 12. Nb3 Nxa1 13. Nxa1 Qxd6 14. Nc2 b5 15. b3 a5 16. Bb2 Nd7 17. d4 {1-0 (32) Lopez Ortiz,J (2204)-Palencia Morales,G (2226) Villaguay 2017}) 10... dxe4 11. dxe4 {[%emt 0:00:28] e5 is the strong threat.} e5 {[%emt 0:00:32] White is better.} 12. c3 Nc6 13. Bg5 Be7 ({Better is} 13... Ne8 $14) 14. Ne3 $16 Be6 {[%emt 0:07:36] Prevents Nd5.} 15. Bxf6 Bxf6 16. Nd5 Bxd5 (16... Qd7 $16) 17. exd5 $18 Ne7 18. Nxe5 Rad8 19. Rad1 {[%emt 0:02:53] Black must now prevent Ng4. White is more active.} Nf5 {[%emt 0:07:29] [#]} (19... Nc8 $16 20. Ng4 Be7) 20. Ng4 $1 Qb6 21. Qf3 h5 22. Nxf6+ Qxf6 23. Qxh5 Nd6 24. Qe5 Qg6 25. Qf4 Rfe8 26. h4 Qc2 27. Qc1 Qa4 28. Qb1 Qc4 29. Rxe8+ Rxe8 30. Bf1 {[%emt 0:00:15] Against Qe2} Qg4 31. Re1 Rd8 32. Qd1 Qf5 33. Bd3 Qf6 34. Qh5 g6 35. Qh6 {[%emt 0:00:55] And now h5 would win.} Nf5 (35... c4 $142) 36. Bxf5 Qxf5 {[%emt 0:00:04][%mdl 4096] Endgame KQR-KQR} 37. c4 b5 38. b3 bxc4 39. bxc4 Qc2 $2 (39... Qg4 40. Qc1 Kg7) 40. Qg5 Rf8 41. h5 {[%emt 0:31:41] aiming for d6.} Kh7 42. d6 {[%emt 0:03:14][%cal Bd5d6,Bd6d7][%mdl 32] d7 would kill now.} Qf5 43. Qe7 (43. hxg6+ $142 fxg6 44. Re7+ Kg8 45. Qxf5 gxf5 46. d7 Rd8 47. Re8+ Kf7 48. Rxd8) 43... Kg8 44. d7 Qd3 {[%emt 0:00:00] [#]} 45. Qxf8+ $3 {[%emt 0:00:00][%mdl 512] Weighted Error Value: White=0.12 (very precise) /Black=0.71} 1-0

[Event "44th Chess Olympiad Women 2022"]
[Site "Chennai"]
[Date "2022.07.30"]
[Round "2.38"]
[White "Roepke, Sofia"]
[Black "Zahedifar, Anahita"]
[Result "0-1"]
[ECO "B13"]
[WhiteElo "1869"]
[BlackElo "2160"]
[Annotator "TA"]
[PlyCount "96"]
[EventDate "2022.07.29"]
[EventType "team-tourn"]
[EventCountry "IND"]
[SourceTitle "playchess.com"]
[Source "ChessBase"]
[SourceQuality "1"]
[WhiteTeam "Uruguay"]
[BlackTeam "Iran"]
[WhiteTeamCountry "URU"]
[BlackTeamCountry "IRI"]
[TimeControl "40/5400+30:1800+30"]

1. e4 c6 2. d4 d5 3. exd5 cxd5 4. Bd3 Nf6 5. h3 Nc6 6. c3 e5 7. dxe5 Nxe5 8. Nf3 Nxf3+ {[%emt 0:03:17] B13: Caro-Kann: Exchange Variation and Panov-Botvinnik Attack.} 9. Qxf3 Be7 10. O-O O-O {[%emt 0:02:33] White is slightly better.} 11. Be3 {[%emt 0:07:29] [#]} Bd7 $146 ({Predecessor:} 11... Be6 12. Nd2 a6 13. a4 Rc8 14. Rfe1 Re8 15. Bd4 Qd7 16. Nf1 Rc6 17. Ng3 Bd8 {1-0 (34) Felczer,K (2217)-Wolff,P (1882) Hanau 2013}) 12. Bd4 Bc6 13. Nd2 {[%emt 0:02:51] Against Ne4} Qd6 14. Rfe1 Nd7 15. Re3 g6 16. Nb3 a5 17. Rae1 (17. Bf5 $5) 17... Bg5 18. R3e2 $1 a4 19. Nd2 Nc5 20. Bxc5 Qxc5 21. Qg4 Bf6 22. Nf3 (22. a3 $11 {keeps the balance.}) 22... a3 $17 {[%emt 0:01:46] White is on the road to losing.} 23. Rc1 axb2 24. Rxb2 Ra4 {[%emt 0:01:05][%cal Ba8a4,Ba4c4,Bc4c3][%mdl 32] Inhibits Qf4.} 25. Qg3 Rfa8 26. Bb1 (26. Rcc2 $17) 26... Qa3 $19 ({Wrong is} 26... Bxc3 $2 27. Re2) 27. Rcc2 Rc4 ({Resist} 27... Bxc3 28. Rb3 $18) 28. Rb3 Qe7 {[%emt 0:00:26] aiming for ...Ba4.} 29. Rbb2 (29. Rc1 {is a better defense.}) 29... Rxc3 30. Re2 (30. Rxc3 {is the only way for White.} Bxc3 31. Rb3) 30... Rc1+ 31. Kh2 Qc5 32. Rbc2 Rxc2 33. Rxc2 Qa3 34. Qf4 Qe7 35. Rc1 Re8 36. Re1 $2 {[%emt 0:00:55] [#]} (36. Kg1) 36... Qxe1 {[%emt 0:00:33] Black is clearly winning.} 37. Nxe1 Be5 38. Qxe5 Rxe5 {[%emt 0:00:01][%mdl 4096] Endgame KRB-KBN} 39. Nf3 Re2 40. Kg3 Rb2 41. Bd3 Rxa2 {[%emt 0:30:14] [#] And now ...Ra3 would win.} 42. Ne5 f6 43. Nf3 Ra3 44. Be2 d4 {[%emt 0:00:42][%cal Bd5d4,Bd4d3,Bd3d2][%mdl 32] ...d3 is the strong threat.} 45. Kf4 g5+ 46. Kf5 d3 47. Bd1 Bxf3 48. Bxf3 d2 {[%emt 0:00:06] Weighted Error Value: White=0.58/Black=0.11 (very precise)} 0-1

[Event "44th Chess Olympiad Women 2022"]
[Site "Chennai"]
[Date "2022.07.30"]
[Round "2.38"]
[White "Quevedo, Andreina"]
[Black "Masoumi, Sahar"]
[Result "0-1"]
[ECO "B33"]
[WhiteElo "1841"]
[BlackElo "1956"]
[Annotator "TA"]
[PlyCount "82"]
[EventDate "2022.07.29"]
[EventType "team-tourn"]
[EventCountry "IND"]
[SourceTitle "playchess.com"]
[Source "ChessBase"]
[SourceQuality "1"]
[WhiteTeam "Uruguay"]
[BlackTeam "Iran"]
[WhiteTeamCountry "URU"]
[BlackTeamCountry "IRI"]
[TimeControl "40/5400+30:1800+30"]

1. e4 c5 2. Nf3 Nc6 3. d4 cxd4 4. Nxd4 Nf6 5. Nc3 e5 6. Ndb5 d6 7. Bg5 a6 8. Na3 b5 9. Nd5 Be7 10. Bxf6 Bxf6 11. c4 b4 {[%emt 0:00:12] B33: Sicilian: Pelikan and Sveshnikov Variations.} 12. Nc2 O-O $1 {[%emt 0:00:21][%mdl 4] is currently scoring better than 12...a5.} 13. Qf3 Bg5 {[%emt 0:08:09] The position is equal.} 14. h4 Bh6 15. g4 {[%emt 0:03:50] Inhibits f5. And now g5 would win.} Bf4 ({Black should try} 15... f6 $1 $11) 16. Nxf4 {[%emt 0:06:43] Pair of Knights!} Qf6 {[%emt 0:02:24] [#]} (16... exf4 $14 17. Qxf4 Qa5) 17. g5 (17. O-O-O $1 $16) 17... Qxf4 $14 18. Qxf4 exf4 {[%emt 0:00:06] [#]} 19. f3 $146 ({Predecessor:} 19. O-O-O Bg4 20. Rxd6 Bf3 21. Rg1 Bxe4 22. Bg2 Bxg2 23. Rxg2 Ne5 24. Nxb4 Nxc4 25. Rd4 Rfc8 26. Kb1 Rab8 27. Nd3 Na3+ {0-1 (27) Wachinger,G (2215)-Strybuk,A (2263) Chess.com INT 2022}) 19... f5 20. gxf6 (20. exf5 {with more complications.} Re8+ 21. Kf2 b3 22. Ne1) 20... Rxf6 21. b3 a5 22. Be2 Bb7 23. Kf2 (23. O-O-O $14) 23... a4 $11 24. Rhd1 Rh6 25. Rh1 (25. Ne1 $11) 25... Ra5 26. bxa4 Rxa4 27. Rab1 (27. Bd1 $1 $15) 27... Ba6 ({Black should play} 27... Rxa2 $17 28. Nxb4 Nxb4 29. Rxb4 Ba6) 28. Rb2 $15 Kf8 29. Kg2 (29. Ne1 $15) 29... Ne5 (29... Rh5 $17) 30. Nxb4 Bxc4 31. Bd1 {[%emt 0:00:58] This move loses the game for White.} (31. Bxc4 $11 Nxc4 32. Rb3) 31... Rg6+ $19 32. Kh2 Ra3 33. Nc2 $2 (33. Rg1) 33... Rd3 (33... Rxf3 $142 34. Rg1 Rf2+ 35. Kh1 Rxg1+ 36. Kxg1 Rf1+ 37. Kg2 Rxd1) 34. Nb4 Nxf3+ (34... Rxf3 $142 35. Rg1 Rxg1 36. Kxg1 Rf1+ 37. Kg2 Rxd1) 35. Bxf3 Rxf3 36. Nd5 (36. Rg1 $142 Rh6 37. Kg2) 36... Rg4 {[%emt 0:05:11] [#] aiming for ...Bxd5.} 37. Rb8+ Kf7 {[%emt 0:00:06] ( -> ...Rf2+)} 38. h5 Bxd5 {[%emt 0:01:27] Black mates.} 39. Re1 Rh4+ 40. Kg2 Rg3+ 41. Kf2 Rh2+ {[%emt 0:30:05] Weighted Error Value: White=0.85/Black=0.48} 0-1

[Event "44th Chess Olympiad Women 2022"]
[Site "Chennai"]
[Date "2022.07.30"]
[Round "2.39"]
[White "Frayna, Janelle Mae"]
[Black "Granados Diaz, Maria Esther"]
[Result "1-0"]
[ECO "B30"]
[WhiteElo "2224"]
[BlackElo "1888"]
[Annotator "TA"]
[PlyCount "57"]
[EventDate "2022.07.29"]
[EventType "team-tourn"]
[EventCountry "IND"]
[SourceTitle "playchess.com"]
[Source "ChessBase"]
[SourceQuality "1"]
[WhiteTeam "Philippines"]
[BlackTeam "Nicaragua"]
[WhiteTeamCountry "PHI"]
[BlackTeamCountry "NCA"]
[TimeControl "40/5400+30:1800+30"]

1. e4 c5 2. Nf3 Nc6 3. Bb5 g6 4. O-O Nd4 5. Nxd4 cxd4 6. c3 {[%emt 0:00:06] White is more active. B30: Sicilian: 2...Nc6 3 Bb5, lines without ...g6.} Bg7 7. cxd4 Bxd4 8. Nc3 {[%emt 0:00:03][%cal Bb1c3,Bc3e2,Be2g3][%mdl 32] White is slightly better.} a6 {[%emt 0:00:35] [#]} 9. Ne2 $146 ({Predecessor:} 9. Ba4 b5 10. Bb3 d6 11. Ne2 Bg7 12. d4 Nf6 13. e5 dxe5 14. dxe5 Qxd1 15. Rxd1 {1-0 (52) De Silva,L (2085)-Postny,E (2568) Chess.com INT 2021}) 9... Bg7 10. Ba4 Nf6 11. e5 Ng4 (11... Nd5 $11) 12. d4 $16 O-O 13. Ng3 d6 14. h3 Nh6 15. Bc2 Qc7 16. Bf4 $36 {[%emt 0:05:32][%mdl 2048] White is more active.} dxe5 17. dxe5 Be6 18. Be4 Rfd8 19. Qf3 Nf5 20. Bxf5 ({Inferior is} 20. Bxb7 Nd4 21. Qe4 Bf5 $17) 20... gxf5 21. Rac1 (21. Nh5 {is more complex.} Bf8 22. Qg3+ Kh8 23. Rfc1) 21... Qb6 22. b3 Qb5 23. Rfe1 Rd3 24. Qh5 {[%emt 0:03:25] Hoping for Qg5.} Qd7 (24... Qb4 $14 25. Be3 (25. Qg5 h6 $11) 25... Bxe5) 25. Rcd1 Rd8 26. Rxd3 Qxd3 27. Qg5 {[%emt 0:04:11] [#] aiming for Nh5.} Qc3 $2 (27... f6 $16 28. exf6 exf6) 28. Rc1 h6 29. Qxg7+ {[%emt 0:00:24] Weighted Error Value: White=0.09 (flawless) /Black=0.31} ({Weaker is} 29. Rxc3 hxg5 30. Bxg5 Bxe5 $17) 1-0

[Event "44th Chess Olympiad Women 2022"]
[Site "Chennai"]
[Date "2022.07.30"]
[Round "2.39"]
[White "Mendoza, Shania Mae"]
[Black "Alvarez Gutierrez, Patricia"]
[Result "1-0"]
[ECO "B10"]
[WhiteElo "2153"]
[BlackElo "1715"]
[Annotator "TA"]
[PlyCount "57"]
[EventDate "2022.07.29"]
[EventType "team-tourn"]
[EventCountry "IND"]
[SourceTitle "playchess.com"]
[Source "ChessBase"]
[SourceQuality "1"]
[WhiteTeam "Philippines"]
[BlackTeam "Nicaragua"]
[WhiteTeamCountry "PHI"]
[BlackTeamCountry "NCA"]
[TimeControl "40/5400+30:1800+30"]

1. e4 c6 2. Nf3 d5 3. exd5 cxd5 4. Ne5 Nc6 5. Bb5 Qc7 6. d4 {[%emt 0:02:46] B10: Caro-Kann: 2 d3 and 2 c4.} e6 7. c4 Bb4+ {[%emt 0:14:13] [#]} 8. Nc3 $146 {[%emt 0:07:06] With the idea Bf4. The position is equal.} ({Predecessor:} 8. Bd2 Bxd2+ 9. Nxd2 Nge7 10. cxd5 exd5 11. Rc1 O-O 12. O-O Qb6 13. Bxc6 bxc6 14. Nb3 {½-½ (29) Jones,G (2670)-Mamedyarov,S (2770) Chess.com INT 2020}) 8... Nge7 9. Bf4 {[%emt 0:07:32][%cal Oe5g6] aiming for Ng6!} Qb6 (9... a6 $2 10. Ng6 $1 e5 11. Bxe5 $1 Bxc3+ 12. bxc3 $18) ({Black should try} 9... Qa5 $11) 10. O-O $14 Bxc3 11. bxc3 O-O 12. Rb1 {[%emt 0:06:09] Threatens to win with Bxc6.} Qa5 ({Black should play} 12... Nxe5 $14 13. Bxe5 Qd8) 13. c5 $1 $16 Qxc3 {[%emt 0:13:07] [#]} (13... f6 $16 14. Nxc6 bxc6) 14. Nxc6 (14. Qa4 $1 $18 {has better winning chances.} Nxe5 15. Bxe5) 14... Nxc6 15. Bxc6 bxc6 16. Qa4 Qd3 17. Qxc6 Ba6 18. Rfd1 Qe2 19. Re1 $36 {[%emt 0:02:04][%mdl 2048] Black is under strong pressure.} Qd3 20. Rb3 Qc4 ({Better is} 20... Rac8 21. Rxd3 Rxc6) 21. Rc1 {[%emt 0:04:03] 0x0.0019edd517ecdp-1022s more active pieces. The black rooks are badly placed.} (21. Rg3 $142) 21... Qe2 22. Rg3 {[%emt 0:02:24] Bh6 is the strong threat.} Rfc8 (22... Rac8 $16 23. Qd6 Rfe8) 23. Qd6 $18 Rd8 $2 {[%emt 0:01:23] [#]} (23... Bd3 {is a better chance.} 24. Re3 Qd2 25. Rxe6 Qb2) 24. Qe7 $1 {[%emt 0:00:41] Intending Qf6 and mate.} Bd3 25. c6 Bg6 26. c7 Rdc8 27. Rb3 {[%emt 0:00:06] Strongly threatening Rb8.} Qa6 (27... e5 $142 28. Bxe5 h5) 28. Rb8 e5 29. Qd8+ {[%emt 0:00:18] Weighted Error Value: White=0.14 (very precise) /Black=0.64} 1-0

[Event "44th Chess Olympiad Women 2022"]
[Site "Chennai"]
[Date "2022.07.30"]
[Round "2.39"]
[White "Ferrufino, Michelle"]
[Black "Fronda, Jan Jodilyn"]
[Result "1/2-1/2"]
[ECO "B23"]
[WhiteElo "1811"]
[BlackElo "2181"]
[Annotator "TA"]
[PlyCount "75"]
[EventDate "2022.07.29"]
[EventType "team-tourn"]
[EventCountry "IND"]
[SourceTitle "playchess.com"]
[Source "ChessBase"]
[SourceQuality "1"]
[WhiteTeam "Nicaragua"]
[BlackTeam "Philippines"]
[WhiteTeamCountry "NCA"]
[BlackTeamCountry "PHI"]
[TimeControl "40/5400+30:1800+30"]

1. e4 c5 2. Nc3 e6 3. f4 d5 4. Nf3 Nc6 5. Bb5 dxe4 6. Bxc6+ {[%emt 0:01:01] B23: Closed Sicilian: Lines without g3.} bxc6 7. Nxe4 (7. Ne5 {is more complex.} Ba6 8. Nxe4 Qd5 9. Qf3) 7... Nf6 8. Qe2 {[%emt 0:01:23] White is slightly better.} Be7 9. O-O Nxe4 10. Qxe4 Qd5 11. d3 Bf6 {[%emt 0:03:50] [#]} 12. Rb1 $146 (12. Ne5 {feels hotter.} Ba6 13. Re1 O-O 14. b3) ({Predecessor:} 12. Ne5 O-O 13. Be3 Bxe5 14. Qxe5 c4 15. Rfd1 Ba6 16. Qxd5 cxd5 17. dxc4 Bxc4 18. b3 {½-½ (24) Balakhontsev,E (1972)-Ilkin,A (2200) Ufa 2008}) 12... Qxe4 13. dxe4 Bd4+ 14. Nxd4 cxd4 15. Rd1 c5 16. c3 (16. b4 $14) 16... Bb7 $11 17. cxd4 Bxe4 18. Ra1 Rc8 19. dxc5 Rxc5 (19... Bc2 20. Rd6 $16) 20. Be3 Rc2 21. Rd2 Rxd2 22. Bxd2 {[%emt 0:00:15][%mdl 4096] Endgame KRB-KRB} Kd7 23. Bc3 Rc8 24. Rd1+ ({But not} 24. Bxg7 Rg8 25. Re1 Bd5 $17) 24... Bd5 25. a3 ({Of course not} 25. Bxg7 Rg8 26. Be5 Rxg2+ 27. Kf1 Rxh2 $15) 25... Kc6 26. g3 f6 27. Kf2 h5 28. h4 Re8 29. Re1 Kb5 30. Rd1 Kc4 31. Rd4+ Kb3 32. f5 Kc2 {[%emt 0:12:31] The position is equal.} 33. fxe6 Bxe6 34. Re4 Kd3 35. Rd4+ Kc2 36. Re4 Kd3 37. Rd4+ Kc2 38. Re4 {[%emt 0:00:03] Weighted Error Value: White=0.07 (flawless) /Black=0.07 (flawless)} 1/2-1/2

[Event "44th Chess Olympiad Women 2022"]
[Site "Chennai"]
[Date "2022.07.30"]
[Round "2.39"]
[White "Granados Ortiz, Maria Jose"]
[Black "San Diego, Marie Antoinette"]
[Result "1-0"]
[ECO "B07"]
[WhiteElo "1753"]
[BlackElo "2101"]
[Annotator "TA"]
[PlyCount "55"]
[EventDate "2022.07.29"]
[EventType "team-tourn"]
[EventCountry "IND"]
[SourceTitle "playchess.com"]
[Source "ChessBase"]
[SourceQuality "1"]
[WhiteTeam "Nicaragua"]
[BlackTeam "Philippines"]
[WhiteTeamCountry "NCA"]
[BlackTeamCountry "PHI"]
[TimeControl "40/5400+30:1800+30"]

1. e4 d6 2. d4 Nf6 3. Nc3 g6 4. Be3 Bg7 5. Qd2 O-O 6. O-O-O {[%emt 0:00:17] B07: Pirc Defence: Miscellaneous Systems.} a6 7. f3 Re8 (7... b5 $1 $14) 8. Bh6 {[%emt 0:06:59] White is better.} Bh8 (8... Bxh6 $142 9. Qxh6 e5) 9. g4 b5 10. h4 {[%emt 0:00:57] [#] White is more active.} b4 $146 ({Predecessor:} 10... Bb7 11. h5 Nbd7 12. hxg6 fxg6 13. Nh3 e5 14. Be3 exd4 15. Bxd4 Ne5 16. Ng5 Qe7 {0-1 (65) Gade,B (1677)-Meffert,P (1914) Bad Homburg 2017}) 11. Nce2 {[%emt 0:04:20] aiming for h5.} c5 12. h5 Qa5 (12... Nc6 $142) 13. Kb1 $16 Nc6 14. hxg6 fxg6 15. d5 ({White should try} 15. Nh3) 15... Ne5 16. Nf4 {[%emt 0:00:21] Black must now prevent Qh2.} Nf7 $2 {[%emt 0:19:12] Black cannot hold the game after this.} (16... Rb8 $14) 17. g5 Nd7 18. Qh2 {[%emt 0:01:50][%cal Oh6g7] Threatens to win with Bg7!} Nde5 (18... Be5 19. Nge2 Nxh6 20. Qxh6) (18... Nxh6 $142 19. Qxh6 Nf8) 19. Ne6 $18 {[%emt 0:01:45][%cal Oh6g7] The board is on fire.} Bxe6 (19... Nd8 {is a better defense.}) 20. dxe6 Nd8 {[%emt 0:00:16] [#]} 21. f4 (21. Bg7 $142 $1 Bxg7 22. Qxh7+ Kf8 23. f4) 21... Nec6 $2 {[%emt 0:02:55] [#]} (21... Ng4 22. Qe2 (22. Qh3 Nf2 $11) 22... b3 23. cxb3 Qb4) 22. f5 (22. Bg7 $142 $1 Bxg7 (22... h5 23. gxh6) 23. Qxh7+ Kf8 24. Qxg6) 22... Be5 23. Qh4 {[%emt 0:00:49][%cal Oh6g7] Hoping for Bg7!} Nd4 {[%emt 0:01:19] [#]} 24. Bg7 $1 Bxg7 (24... h5 25. gxh6) 25. Qxh7+ Kf8 26. Qxg6 {[%emt 0:00:15] Threatening mate with Rh7.} Qa4 {[%emt 0:00:54] [#]} 27. Rxd4 $1 cxd4 (27... b3 28. Rxa4) 28. Rh7 {[%emt 0:00:14] Weighted Error Value: White=0.49/Black=0.84} 1-0

[Event "44th Chess Olympiad Women 2022"]
[Site "Chennai"]
[Date "2022.07.30"]
[Round "2.40"]
[White "Zairbek kyzy, Begimai"]
[Black "Abrorova, Sabrina"]
[Result "1-0"]
[ECO "B22"]
[WhiteElo "1949"]
[BlackElo "1799"]
[Annotator "TA"]
[PlyCount "57"]
[EventDate "2022.07.29"]
[EventType "team-tourn"]
[EventCountry "IND"]
[SourceTitle "playchess.com"]
[Source "ChessBase"]
[SourceQuality "1"]
[WhiteTeam "Kyrgyzstan"]
[BlackTeam "Tajikistan"]
[WhiteTeamCountry "KGZ"]
[BlackTeamCountry "TJK"]
[TimeControl "40/5400+30:1800+30"]

1. e4 c5 2. c3 Nf6 3. e5 Nd5 4. d4 cxd4 5. Nf3 Nc6 6. cxd4 d6 7. Bc4 e6 8. O-O Be7 9. Qe2 O-O 10. Nc3 Nxc3 11. bxc3 dxe5 12. dxe5 Qc7 13. Qe4 {[%emt 0:05:52] 13.Bd3 might become the main line.} b6 {[%emt 0:04:12] B22: Sicilian: 2 c3.} 14. Bd3 {[%emt 0:04:30][%csl Gd3][%cal Re4h7] [#]} g6 15. Bh6 Rd8 {[%emt 0:02:04] The position is equal.} 16. Rad1 Bb7 {[%emt 0:02:08][%cal Oc6b4] Black wants to play ...Nb4!} 17. Qf4 {[%emt 0:00:40] Against Nb4} Rd5 18. Be4 Rxd1 19. Rxd1 Rd8 20. Re1 Na5 (20... Rd7 $11) 21. Bxb7 $40 {[%emt 0:03:24][%mdl 128] White goes for the king.} Nxb7 22. Ng5 $1 {[%emt 0:21:26] [#]} Bxg5 $146 (22... Bf8 $1 $14 23. Bxf8 Rxf8) ({Predecessor:} 22... f6 23. Nxe6 Qxc3 24. Rc1 Rd7 25. exf6 Qxf6 26. Qc4 Nd6 27. Qd5 Qf5 28. Qb3 Qf7 29. g3 Bf6 30. Rd1 {½-½ (30) Jurjevic,I-Jandke,M freechess.de 2017}) 23. Qxg5 $16 {[%emt 0:00:48] Qf6 would kill now.} Qxc3 ({Black should play} 23... f5) 24. Rc1 {[%emt 0:00:20] And now Qxd8+ would win.} Qd3 {[%emt 0:07:40][%mdl 8192] This move loses the game for Black.} (24... f6 $16 25. exf6 (25. Rxc3 $2 Rd1#) 25... Qd4 26. f7+ Kxf7 27. Rc7+ Kg8) 25. h3 $18 {[%emt 0:01:47] White threatens Qf6 and mate. White is clearly winning.} (25. Qf6 $2 {[#] gets mated.} Qd1+ $3 26. Rxd1 Rxd1#) 25... Qf5 26. Qe7 Qh5 27. Bg5 Rf8 28. Kh2 Qe2 29. Qf6 {[%emt 0:00:19] Weighted Error Value: White=0.05 (flawless) /Black=0.64} 1-0

[Event "44th Chess Olympiad Women 2022"]
[Site "Chennai"]
[Date "2022.07.30"]
[Round "2.40"]
[White "Saidova, Rukhshona"]
[Black "Samaganova, Alexandra"]
[Result "0-1"]
[ECO "B42"]
[WhiteElo "1624"]
[BlackElo "1864"]
[Annotator "NA COMBH"]
[PlyCount "50"]
[EventDate "2022.07.29"]
[EventType "team-tourn"]
[EventCountry "IND"]
[SourceTitle "playchess.com"]
[Source "ChessBase"]
[SourceQuality "1"]
[WhiteTeam "Tajikistan"]
[BlackTeam "Kyrgyzstan"]
[WhiteTeamCountry "TJK"]
[BlackTeamCountry "KGZ"]
[TimeControl "40/5400+30:1800+30"]

1. e4 c5 2. Nf3 e6 3. d4 cxd4 4. Nxd4 a6 5. c4 Qc7 6. Bd3 Nf6 7. Qe2 d6 8. O-O Be7 9. Be3 Nbd7 10. f4 b6 11. Nd2 Bb7 12. b4 Rc8 13. Rac1 Qb8 14. Bf2 O-O 15. g4 g6 16. g5 Nh5 17. Qg4 Rc7 18. N4f3 d5 19. a3 Qc8 20. Be3 dxe4 21. Nxe4 Bxe4 22. Bxe4 Rxc4 23. Bd3 Rxc1 24. Rxc1 Qb7 25. Nd4 Rc8 0-1

[Event "44th Chess Olympiad Women 2022"]
[Site "Chennai"]
[Date "2022.07.30"]
[Round "2.40"]
[White "Abaeva, Aiana"]
[Black "Hotami, Mutriba"]
[Result "1-0"]
[ECO "E94"]
[WhiteElo "1595"]
[BlackElo "1846"]
[Annotator "NA COMBH"]
[PlyCount "61"]
[EventDate "2022.07.29"]
[EventType "team-tourn"]
[EventCountry "IND"]
[SourceTitle "playchess.com"]
[Source "ChessBase"]
[SourceQuality "1"]
[WhiteTeam "Kyrgyzstan"]
[BlackTeam "Tajikistan"]
[WhiteTeamCountry "KGZ"]
[BlackTeamCountry "TJK"]
[TimeControl "40/5400+30:1800+30"]

1. Nf3 Nf6 2. d4 g6 3. c4 Bg7 4. Nc3 d6 5. e4 O-O 6. Be2 e5 7. d5 Nbd7 8. O-O Ne8 9. Be3 f5 10. exf5 gxf5 11. Bg5 Ndf6 12. b4 Qe7 13. Rc1 Kh8 14. Qc2 Qf7 15. Nh4 e4 16. Qd2 Nh5 17. f3 exf3 18. Rxf3 f4 19. Rf2 h6 20. Bxf4 Nxf4 21. Rxf4 Nf6 22. Rcf1 Kg8 23. Bd3 Qh5 24. Ne4 Ng4 25. Rxf8+ Bxf8 26. Qf4 Bg7 27. Ng3 Qe8 28. Ngf5 Bxf5 29. Nxf5 h5 30. Qg5 Qe5 31. Ne7+ 1-0

[Event "44th Chess Olympiad Women 2022"]
[Site "Chennai"]
[Date "2022.07.30"]
[Round "2.40"]
[White "Antonova, Lidiya"]
[Black "Sovetbekova, Nurai"]
[Result "0-1"]
[ECO "B23"]
[WhiteElo "1497"]
[BlackElo "1693"]
[Annotator "NA COMBH"]
[PlyCount "44"]
[EventDate "2022.07.29"]
[EventType "team-tourn"]
[EventCountry "IND"]
[SourceTitle "playchess.com"]
[Source "ChessBase"]
[SourceQuality "1"]
[WhiteTeam "Tajikistan"]
[BlackTeam "Kyrgyzstan"]
[WhiteTeamCountry "TJK"]
[BlackTeamCountry "KGZ"]
[TimeControl "40/5400+30:1800+30"]

1. e4 c5 2. Nc3 d6 3. f4 Nc6 4. Bc4 g6 5. Nf3 Bg7 6. O-O e6 7. f5 gxf5 8. exf5 d5 9. Bb5 Nge7 10. fxe6 Bxe6 11. Ng5 Qd7 12. d3 Ng6 13. Nxe6 fxe6 14. Bg5 Bd4+ 15. Kh1 Qg7 16. Qg4 Nge7 17. Bxc6+ bxc6 18. Rae1 e5 19. Qh5+ Qg6 20. Qg4 Rg8 21. h4 h6 22. Rf6 Qxf6 0-1

[Event "44th Chess Olympiad Women 2022"]
[Site "Chennai"]
[Date "2022.07.30"]
[Round "2.41"]
[White "February, Jesse Nikki"]
[Black "Mpinganjira, Ellen"]
[Result "1-0"]
[ECO "B40"]
[WhiteElo "1872"]
[BlackElo "1334"]
[Annotator "NA RC COMBH"]
[PlyCount "37"]
[EventDate "2022.07.29"]
[EventType "team-tourn"]
[EventCountry "IND"]
[SourceTitle "playchess.com"]
[Source "ChessBase"]
[SourceQuality "1"]
[WhiteTeam "South Africa"]
[BlackTeam "MAW"]
[WhiteTeamCountry "RSA"]
[TimeControl "40/5400+30:1800+30"]

1. e4 c5 2. Nf3 e6 3. d4 cxd4 4. Nxd4 Nf6 5. Bd3 Bc5 6. Nb3 Bb6 7. O-O Nc6 8. Nc3 O-O 9. Bg5 d6 10. Qd2 a6 11. Rad1 Bc7 12. f4 b5 13. a3 Bb7 14. Qe1 Qe7 15. Qg3 Kh8 16. Qh3 g6 17. e5 dxe5 18. Ne4 Qd7 19. Bxf6+ 1-0